Flyers vs Sabres

Created - March 9 2011 at 18:41

Goals
1 2 3 T
Flyers 1 0 2 3
Sabres 1 2 1 4
Shots
1 2 3 T
Flyers 3 10 11 24
Sabres 9 16 10 35

Period #1

1. Flyers , Tim Connolly 17 (Alexandre Picard, Chris Pronger) at 13:33
2. Sabres , Ryan Kesler 21 (Tyler Myers, David Legwand) at 14:52

Penalties :
Jochen Hecht (PHI) for Hooking (Minor) at 2:57, Ladislav Smid (PHI) for Interference (Minor) at 5:26, Andrej Sekera (PHI) for Holding (Minor) at 6:20, Jeff Schultz (BUF) for Hooking (Minor) at 13:48, Chris Pronger (PHI) for Hooking (Minor) at 14:28

Period #2

3. Sabres , Eric Fehr 19 (David Legwand, Victor Hedman) at 10:38
4. Sabres , Kyle Quincey 10 (David Legwand) at 15:58

Penalties :
Tyler Myers (BUF) for Hooking (Minor) at 3:43, Rickard Wallin (BUF) for High sticking (Minor) at 7:18, Andrej Sekera (PHI) for Holding (Minor) at 13:20, Chris Phillips (BUF) for Holding (Minor) at 18:40, Kyle Quincey (BUF) for Hooking (Minor) at 19:22

Period #3

5. Flyers , Jochen Hecht 14 (Chris Pronger, Andrei Markov) at 4:54 (PP)
6. Sabres , Kyle Quincey 11 (Mike Richards, Brian Gionta) at 15:13 (PP)
7. Flyers , Justin Williams 10 (Jochen Hecht) at 18:23

Penalties :
Johan Franzen (BUF) for High sticking (Minor) at 3:16, Jeff Schultz (BUF) for Tripping (Minor) at 3:58, Devin Setoguchi (BUF) for Fighting (Major) at 13:46, Ladislav Smid (PHI) for Fighting (Major) at 13:46, Rostislav Klesla (PHI) for Hooking (Minor) at 14:50, Luke Schenn (BUF) for Hooking (Minor) at 17:01

Goalie Stats

Tomas Vokoun (PHI), 31 saves from 35 shots - (0.886), L, 28-25-9, 59:00 minutes
Marty Turco (BUF), 21 saves from 24 shots - (0.875), W, 35-17-10, 60:00 minutes

Players Stats

Flyers
Player Name              G  A  P  +/- PIM S  H  SB FO    MP 
------------------------------------------------------------
Alexandre Picard         0  1  1   0  0   1  2  1  2/3   18 
Andrei Markov            0  1  1   1  0   1  1  0  0/0   17 
Andrej Sekera            0  0  0   0  4   0  1  1  0/0   7  
Chris Pronger            0  2  2   1  2   2  4  3  0/0   22 
Glen Metropolit          0  0  0   0  0   1  0  0  5/7   7  
Jochen Hecht             1  1  2   1  2   3  3  1  1/1   20 
John Madden              0  0  0  -2  0   0  2  1  15/26 22 
Justin Williams          1  0  1   0  0   3  1  0  0/1   15 
Kevin Bieksa             0  0  0  -2  0   5  0  0  0/0   22 
Kurt Sauer               0  0  0   0  0   0  0  0  0/0   0  
Kyle Brodziak            0  0  0   0  0   0  0  1  9/13  14 
Ladislav Smid            0  0  0   0  7   0  4  0  0/0   15 
Lee Stempniak            0  0  0   0  0   0  0  0  0/2   14 
Niklas Hagman            0  0  0  -2  0   4  1  0  0/0   22 
Radim Vrbata             0  0  0   0  0   0  3  0  1/1   17 
Rob Blake                0  0  0  -2  0   1  2  0  0/0   22 
Rostislav Klesla         0  0  0   0  2   0  1  1  0/0   14 
Tim Connolly             1  0  1   1  0   3  1  0  11/30 21 
Sabres
Player Name              G  A  P  +/- PIM S  H  SB FO    MP 
------------------------------------------------------------
Brian Gionta             0  1  1  -1  0   3  0  0  0/2   20 
Chris Phillips           0  0  0  -1  2   0  1  2  0/0   21 
David Legwand            0  3  3   3  0   0  0  0  3/17  18 
Devin Setoguchi          0  0  0   0  5   1  0  0  1/1   9  
Eric Fehr                1  0  1   2  0   3  0  0  0/0   13 
James Neal               0  0  0  -1  0   7  2  0  0/0   16 
Jeff Schultz             0  0  0  -1  4   1  0  2  0/0   20 
Johan Franzen            0  0  0  -1  2   2  2  0  0/1   17 
Kyle Quincey             2  0  2   0  2   2  2  0  0/0   22 
Luke Schenn              0  0  0   1  2   1  5  1  0/0   16 
Michael Grabner          0  0  0   0  0   0  0  0  0/0   0  
Mike Richards            0  1  1  -1  0   6  1  0  21/30 20 
Rickard Wallin           0  0  0   0  2   0  0  0  2/6   8  
Ryan Kesler              1  0  1   0  0   4  4  1  12/25 18 
Teemu Selanne            0  0  0   0  0   0  0  0  0/1   13 
Tuomo Ruutu              0  0  0   2  0   3  4  0  1/1   16 
Tyler Myers              0  1  1   0  2   1  1  2  0/0   23 
Victor Hedman            0  1  1   2  0   1  0  0  0/0   17 

3 Stars

1 - David Legwand (BUF)
2 - Kyle Quincey (BUF)
3 - Jochen Hecht (PHI)

Power Play

Flyers - 1 on 8 Attempt(s) - 12.50%
Sabres - 1 on 6 Attempt(s) - 16.67%

Penalty Kill

Flyers - 5 on 6 Attempt(s) - 83.33% - Score 0 goal in Penalty Kill
Sabres - 7 on 8 Attempt(s) - 87.50% - Score 0 goal in Penalty Kill

Game Notes

Ladislav Smid beats up Devin Setoguchi at 13:46 of 3rd period

Finance

Level 1 -- Attendance: 6500 (100.00%) -- Ticket Income $572,000.00
Level 2 -- Attendance: 5000 (100.00%) -- Ticket Income $250,000.00
Level 3 -- Attendance: 3500 (100.00%) -- Ticket Income $112,000.00
Level 4 -- Attendance: 2690 (100.00%) -- Ticket Income $48,420.00
Luxury Box -- Attendance: 1000 (100.00%) -- Ticket Income $187,000.00
Game was played at the HSBC Arena
Total Attendance: 18690 (100.00%)
Total Ticket Income: $1,179,544.00
Other Income: $194,760.30
Total Income: $1,374,304.00


Play by Play

Period #1

0:01 of 1st period - Mike Richards wins face-off versus Tim Connolly in neutral zone.
0:12 of 1st period - Shot by James Neal.
0:12 of 1st period - Shot Blocked by Chris Pronger.
0:30 of 1st period - Shot by Tim Connolly.
0:30 of 1st period - Deflect By Jochen Hecht.
0:30 of 1st period - Stopped by Marty Turco without a rebound.
0:31 of 1st period - Ryan Kesler wins face-off versus John Madden in Sabres zone.
0:31 of 1st period - Teemu Selanne is hit by Radim Vrbata and loses puck.
0:42 of 1st period - Radim Vrbata is hit by Ryan Kesler and loses puck.
0:48 of 1st period - Teemu Selanne is hit by Rob Blake and loses puck.
1:17 of 1st period - Niklas Hagman is hit by Johan Franzen and loses puck.
2:12 of 1st period - Kyle Brodziak is hit by Kyle Quincey and loses puck.
2:23 of 1st period - Shot by Chris Pronger.
2:23 of 1st period - Stopped by Marty Turco without a rebound.
2:24 of 1st period - Tim Connolly wins face-off versus Rickard Wallin in Sabres zone.
2:27 of 1st period - Shot by Justin Williams.
2:27 of 1st period - Shot Misses the Net.
2:57 of 1st period - Minor Penalty to Jochen Hecht for Hooking.
2:58 of 1st period - Mike Richards wins face-off versus John Madden in Flyers zone.
3:05 of 1st period - Shot by Brian Gionta.
3:05 of 1st period - Stopped by Tomas Vokoun with a rebound.
3:37 of 1st period - Shot by Mike Richards.
3:37 of 1st period - Deflect By Brian Gionta.
3:37 of 1st period - Stopped by Tomas Vokoun without a rebound.
3:38 of 1st period - Ryan Kesler wins face-off versus Tim Connolly in Flyers zone.
3:53 of 1st period - Shot by Tyler Myers.
3:53 of 1st period - Shot Blocked by Chris Pronger.
5:26 of 1st period - Minor Penalty to Ladislav Smid for Interference.
5:27 of 1st period - Ryan Kesler wins face-off versus Tim Connolly in Flyers zone.
5:40 of 1st period - Shot by Jeff Schultz.
5:40 of 1st period - Shot Blocked by Jochen Hecht.
6:20 of 1st period - Minor Penalty to Andrej Sekera for Holding.
6:21 of 1st period - Jochen Hecht wins face-off versus Mike Richards in Flyers zone.
6:32 of 1st period - Shot by Brian Gionta.
6:32 of 1st period - Shot Misses the Net.
6:36 of 1st period - Shot by Mike Richards.
6:36 of 1st period - Shot Blocked by Chris Pronger.
6:38 of 1st period - Shot by Brian Gionta.
6:38 of 1st period - Shot Hit the Post.
6:42 of 1st period - Shot by Mike Richards.
6:42 of 1st period - Shot Misses the Net.
8:26 of 1st period - Icing by Kyle Brodziak.
8:27 of 1st period - Kyle Brodziak wins face-off versus David Legwand in Flyers zone.
8:45 of 1st period - Shot by Eric Fehr.
8:45 of 1st period - Stopped by Tomas Vokoun with a rebound.
8:47 of 1st period - Shot by James Neal.
8:47 of 1st period - Stopped by Tomas Vokoun without a rebound.
8:48 of 1st period - Glen Metropolit wins face-off versus Rickard Wallin in Flyers zone.
9:48 of 1st period - Andrei Markov is hit by Luke Schenn and loses puck.
10:26 of 1st period - Kyle Brodziak is hit by James Neal and loses puck.
10:42 of 1st period - Off-side.
10:43 of 1st period - Ryan Kesler wins face-off versus John Madden in neutral zone.
10:43 of 1st period - Teemu Selanne is hit by Radim Vrbata.
12:12 of 1st period - Eric Fehr is hit by Ladislav Smid and loses puck.
13:19 of 1st period - Icing by Kyle Quincey.
13:20 of 1st period - Mike Richards wins face-off versus Glen Metropolit in Sabres zone.
13:31 of 1st period - Shot by Alexandre Picard.
13:31 of 1st period - Shot Misses the Net.
13:33 of 1st period - Shot by Tim Connolly.
13:33 of 1st period - Goal by Tim Connolly - Flyers : 1 - Sabres : 0.
13:34 of 1st period - Kyle Brodziak wins face-off versus Ryan Kesler in neutral zone.
13:34 of 1st period - Kyle Brodziak is hit by Ryan Kesler.
13:48 of 1st period - Minor Penalty to Jeff Schultz for Hooking.
13:49 of 1st period - Ryan Kesler wins face-off versus Tim Connolly in Sabres zone.
13:49 of 1st period - Brian Gionta is hit by Justin Williams and loses puck.
14:28 of 1st period - Shot by Mike Richards.
14:28 of 1st period - Stopped by Tomas Vokoun without a rebound.
14:28 of 1st period - Minor Penalty to Chris Pronger for Hooking.
14:29 of 1st period - Ryan Kesler wins face-off versus John Madden in Flyers zone.
14:32 of 1st period - Shot by Ryan Kesler.
14:32 of 1st period - Stopped by Tomas Vokoun without a rebound.
14:33 of 1st period - Ryan Kesler wins face-off versus John Madden in Flyers zone.
14:52 of 1st period - Shot by Ryan Kesler.
14:52 of 1st period - Goal by Ryan Kesler - Flyers : 1 - Sabres : 1.
14:53 of 1st period - Alexandre Picard wins face-off versus Brian Gionta in neutral zone.
15:07 of 1st period - Shot by Chris Phillips.
15:07 of 1st period - Shot Misses the Net.
15:11 of 1st period - Shot by Mike Richards.
15:11 of 1st period - Stopped by Tomas Vokoun without a rebound.
15:12 of 1st period - Mike Richards wins face-off versus Tim Connolly in Flyers zone.
15:29 of 1st period - Shot by Jochen Hecht.
15:29 of 1st period - Shot Misses the Net.
15:53 of 1st period - Jeff Schultz is hit by Niklas Hagman and loses puck.
16:33 of 1st period - Shot by Tyler Myers.
16:33 of 1st period - Shot Misses the Net.
16:35 of 1st period - Shot by Tyler Myers.
16:35 of 1st period - Shot Misses the Net.
16:39 of 1st period - Shot by Devin Setoguchi.
16:39 of 1st period - Shot Misses the Net.
16:41 of 1st period - Shot by Rickard Wallin.
16:41 of 1st period - Shot Misses the Net.
16:46 of 1st period - Shot by Tyler Myers.
16:46 of 1st period - Shot Blocked by Kyle Brodziak.
16:48 of 1st period - Shot by Tyler Myers.
16:48 of 1st period - Stopped by Tomas Vokoun without a rebound.
16:49 of 1st period - Glen Metropolit wins face-off versus David Legwand in Flyers zone.
19:00 of 1st period - Icing by Kevin Bieksa.
19:01 of 1st period - Radim Vrbata wins face-off versus David Legwand in Flyers zone.
19:20 of 1st period - Icing by John Madden.
19:21 of 1st period - Mike Richards wins face-off versus John Madden in Flyers zone.
19:50 of 1st period - Mike Richards is hit by John Madden and loses puck.
19:58 of 1st period - Icing by Kyle Quincey.
19:59 of 1st period - Mike Richards wins face-off versus Tim Connolly in Sabres zone.

Period #2

0:01 of 2nd period - Mike Richards wins face-off versus Tim Connolly in neutral zone.
0:06 of 2nd period - Shot by Brian Gionta.
0:06 of 2nd period - Shot Misses the Net.
0:08 of 2nd period - Shot by Brian Gionta.
0:08 of 2nd period - Deflect By Mike Richards.
0:08 of 2nd period - Stopped by Tomas Vokoun without a rebound.
0:09 of 2nd period - Ryan Kesler wins face-off versus John Madden in Flyers zone.
0:09 of 2nd period - Johan Franzen is hit by Rob Blake and loses puck.
0:30 of 2nd period - John Madden is hit by Tyler Myers and loses puck.
0:41 of 2nd period - Shot by Kevin Bieksa.
0:41 of 2nd period - Stopped by Marty Turco without a rebound.
0:42 of 2nd period - Mike Richards wins face-off versus Tim Connolly in Sabres zone.
0:53 of 2nd period - Shot by Mike Richards.
0:53 of 2nd period - Stopped by Tomas Vokoun with a rebound.
1:18 of 2nd period - Shot by Justin Williams.
1:18 of 2nd period - Stopped by Marty Turco without a rebound.
1:19 of 2nd period - Kyle Brodziak wins face-off versus David Legwand in Sabres zone.
1:19 of 2nd period - Lee Stempniak is hit by Luke Schenn and loses puck.
1:25 of 2nd period - Eric Fehr is hit by Rostislav Klesla and loses puck.
1:41 of 2nd period - Eric Fehr is hit by Ladislav Smid and loses puck.
1:53 of 2nd period - Lee Stempniak is hit by Tuomo Ruutu and loses puck.
1:58 of 2nd period - Ladislav Smid is hit by Tuomo Ruutu and loses puck.
2:26 of 2nd period - Shot by Teemu Selanne.
2:26 of 2nd period - Shot Blocked by Rostislav Klesla.
2:28 of 2nd period - Shot by Jeff Schultz.
2:28 of 2nd period - Shot Misses the Net.
2:30 of 2nd period - Shot by Tyler Myers.
2:30 of 2nd period - Shot Misses the Net.
2:32 of 2nd period - Shot by Ryan Kesler.
2:32 of 2nd period - Stopped by Tomas Vokoun without a rebound.
2:33 of 2nd period - Tim Connolly wins face-off versus Mike Richards in Flyers zone.
3:08 of 2nd period - Brian Gionta is hit by Tim Connolly and loses puck.
3:43 of 2nd period - Minor Penalty to Tyler Myers for Hooking.
3:44 of 2nd period - John Madden wins face-off versus Ryan Kesler in Sabres zone.
4:40 of 2nd period - Shot by Tim Connolly.
4:40 of 2nd period - Shot Blocked by Chris Phillips.
4:44 of 2nd period - Shot by Jochen Hecht.
4:44 of 2nd period - Shot Misses the Net.
4:46 of 2nd period - Shot by Jochen Hecht.
4:46 of 2nd period - Deflect By Justin Williams.
4:46 of 2nd period - Shot Blocked by Chris Phillips.
4:56 of 2nd period - Brian Gionta is hit by John Madden and loses puck.
5:15 of 2nd period - Shot by John Madden.
5:15 of 2nd period - Shot Blocked by Jeff Schultz.
5:17 of 2nd period - Shot by Kevin Bieksa.
5:17 of 2nd period - Stopped by Marty Turco without a rebound.
5:18 of 2nd period - Mike Richards wins face-off versus Tim Connolly in Sabres zone.
6:08 of 2nd period - Shot by Devin Setoguchi.
6:08 of 2nd period - Stopped by Tomas Vokoun without a rebound.
6:09 of 2nd period - Glen Metropolit wins face-off versus David Legwand in Flyers zone.
7:18 of 2nd period - Minor Penalty to Rickard Wallin for High sticking.
7:19 of 2nd period - John Madden wins face-off versus Brian Gionta in Sabres zone.
7:24 of 2nd period - Shot by Tim Connolly.
7:24 of 2nd period - Stopped by Marty Turco without a rebound.
7:25 of 2nd period - Tim Connolly wins face-off versus Ryan Kesler in Sabres zone.
7:26 of 2nd period - Shot by Rob Blake.
7:26 of 2nd period - Shot Misses the Net.
7:28 of 2nd period - Shot by Rob Blake.
7:28 of 2nd period - Stopped by Marty Turco without a rebound.
7:29 of 2nd period - Tim Connolly wins face-off versus Ryan Kesler in Sabres zone.
8:51 of 2nd period - Shot by Mike Richards.
8:51 of 2nd period - Stopped by Tomas Vokoun without a rebound.
8:52 of 2nd period - Tim Connolly wins face-off versus Ryan Kesler in Flyers zone.
9:13 of 2nd period - Shot by Justin Williams.
9:13 of 2nd period - Shot Misses the Net.
9:35 of 2nd period - Shot by Eric Fehr.
9:35 of 2nd period - Stopped by Tomas Vokoun with a rebound.
9:37 of 2nd period - Shot by Tuomo Ruutu.
9:37 of 2nd period - Shot Misses the Net.
9:39 of 2nd period - Shot by Luke Schenn.
9:39 of 2nd period - Stopped by Tomas Vokoun without a rebound.
9:40 of 2nd period - John Madden wins face-off versus Ryan Kesler in Flyers zone.
9:40 of 2nd period - John Madden is hit by Ryan Kesler.
9:46 of 2nd period - Shot by Niklas Hagman.
9:46 of 2nd period - Deflect By Justin Williams.
9:46 of 2nd period - Shot Blocked by Jeff Schultz.
10:36 of 2nd period - Shot by Eric Fehr.
10:36 of 2nd period - Shot Misses the Net.
10:38 of 2nd period - Shot by Eric Fehr.
10:38 of 2nd period - Goal by Eric Fehr - Flyers : 1 - Sabres : 2.
10:39 of 2nd period - Mike Richards wins face-off versus Kyle Brodziak in neutral zone.
10:50 of 2nd period - Off-side.
10:51 of 2nd period - Glen Metropolit wins face-off versus Johan Franzen in neutral zone.
11:17 of 2nd period - Shot by Glen Metropolit.
11:17 of 2nd period - Shot Blocked by Tyler Myers.
11:21 of 2nd period - Shot by Glen Metropolit.
11:21 of 2nd period - Stopped by Marty Turco without a rebound.
11:22 of 2nd period - Kyle Brodziak wins face-off versus David Legwand in Sabres zone.
11:31 of 2nd period - Shot by Victor Hedman.
11:31 of 2nd period - Stopped by Tomas Vokoun without a rebound.
11:32 of 2nd period - Mike Richards wins face-off versus Kyle Brodziak in Flyers zone.
11:57 of 2nd period - Icing by Ladislav Smid.
11:58 of 2nd period - David Legwand wins face-off versus Kyle Brodziak in Flyers zone.
12:01 of 2nd period - Shot by Tuomo Ruutu.
12:01 of 2nd period - Stopped by Tomas Vokoun without a rebound.
12:02 of 2nd period - Tuomo Ruutu wins face-off versus John Madden in Flyers zone.
12:15 of 2nd period - Shot by Niklas Hagman.
12:15 of 2nd period - Shot Blocked by Luke Schenn.
13:00 of 2nd period - Ryan Kesler is hit by Alexandre Picard and loses puck.
13:20 of 2nd period - Minor Penalty to Andrej Sekera for Holding.
13:21 of 2nd period - Mike Richards wins face-off versus Tim Connolly in Flyers zone.
13:21 of 2nd period - Brian Gionta is hit by Andrei Markov and loses puck.
13:29 of 2nd period - Brian Gionta is hit by Chris Pronger and loses puck.
13:34 of 2nd period - Shot by James Neal.
13:34 of 2nd period - Stopped by Tomas Vokoun with a rebound.
13:38 of 2nd period - Shot by Mike Richards.
13:38 of 2nd period - Stopped by Tomas Vokoun without a rebound.
13:39 of 2nd period - Tim Connolly wins face-off versus Mike Richards in Flyers zone.
13:39 of 2nd period - Chris Pronger is hit by James Neal and loses puck.
13:47 of 2nd period - Icing by Brian Gionta.
13:48 of 2nd period - Mike Richards wins face-off versus Tim Connolly in Sabres zone.
15:03 of 2nd period - Shot by Ryan Kesler.
15:03 of 2nd period - Stopped by Tomas Vokoun without a rebound.
15:04 of 2nd period - John Madden wins face-off versus Ryan Kesler in Flyers zone.
15:32 of 2nd period - Shot by Devin Setoguchi.
15:32 of 2nd period - Shot Misses the Net.
15:36 of 2nd period - Shot by Johan Franzen.
15:36 of 2nd period - Stopped by Tomas Vokoun without a rebound.
15:37 of 2nd period - Glen Metropolit wins face-off versus David Legwand in Flyers zone.
15:37 of 2nd period - Glen Metropolit is hit by Tuomo Ruutu.
15:47 of 2nd period - Chris Pronger is hit by Kyle Quincey and loses puck.
15:53 of 2nd period - Kyle Quincey is hit by Andrej Sekera and loses puck.
15:56 of 2nd period - Shot by Kyle Quincey.
15:56 of 2nd period - Shot Blocked by Andrej Sekera.
15:58 of 2nd period - Shot by Kyle Quincey.
15:58 of 2nd period - Goal by Kyle Quincey - Flyers : 1 - Sabres : 3.
15:59 of 2nd period - Kyle Brodziak wins face-off versus Rickard Wallin in neutral zone.
16:42 of 2nd period - Icing by Tyler Myers.
16:43 of 2nd period - John Madden wins face-off versus Rickard Wallin in Sabres zone.
17:13 of 2nd period - Off-side.
17:14 of 2nd period - Alexandre Picard wins face-off versus David Legwand in neutral zone.
17:33 of 2nd period - Shot by Tim Connolly.
17:33 of 2nd period - Deflect By Glen Metropolit.
17:33 of 2nd period - Shot Misses the Net.
17:35 of 2nd period - Shot by Alexandre Picard.
17:35 of 2nd period - Stopped by Marty Turco without a rebound.
17:36 of 2nd period - Mike Richards wins face-off versus Kyle Brodziak in Sabres zone.
17:53 of 2nd period - Shot by Brian Gionta.
17:53 of 2nd period - Shot Misses the Net.
17:55 of 2nd period - Shot by Kyle Quincey.
17:55 of 2nd period - Shot Misses the Net.
17:57 of 2nd period - Shot by Jeff Schultz.
17:57 of 2nd period - Stopped by Tomas Vokoun without a rebound.
17:58 of 2nd period - John Madden wins face-off versus David Legwand in Flyers zone.
18:16 of 2nd period - Niklas Hagman is hit by Luke Schenn and loses puck.
18:25 of 2nd period - Shot by Niklas Hagman.
18:25 of 2nd period - Stopped by Marty Turco with a rebound.
18:27 of 2nd period - Shot by Kevin Bieksa.
18:27 of 2nd period - Stopped by Marty Turco without a rebound.
18:28 of 2nd period - Mike Richards wins face-off versus Tim Connolly in Sabres zone.
18:28 of 2nd period - Mike Richards is hit by Jochen Hecht.
18:35 of 2nd period - Icing by Brian Gionta.
18:36 of 2nd period - Tim Connolly wins face-off versus Mike Richards in Sabres zone.
18:40 of 2nd period - Minor Penalty to Chris Phillips for Holding.
18:41 of 2nd period - Tim Connolly wins face-off versus Ryan Kesler in Sabres zone.
18:50 of 2nd period - Shot by Tim Connolly.
18:50 of 2nd period - Shot Misses the Net.
19:14 of 2nd period - Icing by Tim Connolly.
19:15 of 2nd period - Tim Connolly wins face-off versus Ryan Kesler in Flyers zone.
19:15 of 2nd period - Tim Connolly is hit by Ryan Kesler.
19:22 of 2nd period - Minor Penalty to Kyle Quincey for Hooking.
19:23 of 2nd period - John Madden wins face-off versus Ryan Kesler in Sabres zone.
19:59 of 2nd period - Shot by Niklas Hagman.
19:59 of 2nd period - Stopped by Marty Turco without a rebound.

Period #3

0:01 of 3rd period - Ryan Kesler wins face-off versus Tim Connolly in neutral zone.
0:16 of 3rd period - Shot by Andrei Markov.
0:16 of 3rd period - Stopped by Marty Turco without a rebound.
0:17 of 3rd period - John Madden wins face-off versus Ryan Kesler in Sabres zone.
0:18 of 3rd period - Shot by Kevin Bieksa.
0:18 of 3rd period - Stopped by Marty Turco without a rebound.
0:19 of 3rd period - John Madden wins face-off versus Ryan Kesler in Sabres zone.
0:38 of 3rd period - Shot by Niklas Hagman.
0:38 of 3rd period - Stopped by Marty Turco with a rebound.
1:26 of 3rd period - Icing by Kyle Brodziak.
1:27 of 3rd period - Kyle Brodziak wins face-off versus David Legwand in Flyers zone.
1:27 of 3rd period - Kyle Brodziak is hit by Tuomo Ruutu.
2:05 of 3rd period - Icing by Rostislav Klesla.
2:06 of 3rd period - Kyle Brodziak wins face-off versus Mike Richards in Flyers zone.
2:06 of 3rd period - Kyle Brodziak is hit by Mike Richards.
2:31 of 3rd period - James Neal is hit by Chris Pronger and loses puck.
2:42 of 3rd period - Shot by James Neal.
2:42 of 3rd period - Stopped by Tomas Vokoun without a rebound.
2:43 of 3rd period - John Madden wins face-off versus Teemu Selanne in Flyers zone.
2:43 of 3rd period - John Madden is hit by Johan Franzen.
3:04 of 3rd period - Shot by John Madden.
3:04 of 3rd period - Shot Blocked by Tyler Myers.
3:16 of 3rd period - Minor Penalty to Johan Franzen for High sticking.
3:17 of 3rd period - Ryan Kesler wins face-off versus Tim Connolly in Sabres zone.
3:23 of 3rd period - Icing by Chris Pronger.
3:24 of 3rd period - Ryan Kesler wins face-off versus Tim Connolly in Flyers zone.
3:37 of 3rd period - Shot by Andrei Markov.
3:37 of 3rd period - Shot Misses the Net.
3:39 of 3rd period - Shot by Tim Connolly.
3:39 of 3rd period - Shot Misses the Net.
3:41 of 3rd period - Shot by Andrei Markov.
3:41 of 3rd period - Shot Blocked by Ryan Kesler.
3:45 of 3rd period - Shot by Justin Williams.
3:45 of 3rd period - Stopped by Marty Turco with a rebound.
3:47 of 3rd period - Shot by Chris Pronger.
3:47 of 3rd period - Shot Misses the Net.
3:49 of 3rd period - Shot by Chris Pronger.
3:49 of 3rd period - Stopped by Marty Turco without a rebound.
3:50 of 3rd period - Mike Richards wins face-off versus John Madden in Sabres zone.
3:58 of 3rd period - Minor Penalty to Jeff Schultz for Tripping.
3:59 of 3rd period - John Madden wins face-off versus David Legwand in Sabres zone.
4:24 of 3rd period - Shot by Radim Vrbata.
4:24 of 3rd period - Deflect By Niklas Hagman.
4:24 of 3rd period - Stopped by Marty Turco without a rebound.
4:25 of 3rd period - David Legwand wins face-off versus Tim Connolly in Sabres zone.
4:52 of 3rd period - Shot by Chris Pronger.
4:52 of 3rd period - Shot Misses the Net.
4:54 of 3rd period - Shot by Jochen Hecht.
4:54 of 3rd period - Goal by Jochen Hecht - Flyers : 2 - Sabres : 3.
4:55 of 3rd period - John Madden wins face-off versus Mike Richards in neutral zone.
5:11 of 3rd period - Shot by Kevin Bieksa.
5:11 of 3rd period - Deflect By Niklas Hagman.
5:11 of 3rd period - Shot Misses the Net.
5:13 of 3rd period - Shot by Rob Blake.
5:13 of 3rd period - Shot Misses the Net.
5:17 of 3rd period - Shot by Niklas Hagman.
5:17 of 3rd period - Shot Misses the Net.
5:19 of 3rd period - Shot by John Madden.
5:19 of 3rd period - Shot Misses the Net.
6:11 of 3rd period - Shot by Devin Setoguchi.
6:11 of 3rd period - Shot Blocked by Alexandre Picard.
6:24 of 3rd period - Icing by Jeff Schultz.
6:25 of 3rd period - Rickard Wallin wins face-off versus Glen Metropolit in Sabres zone.
7:50 of 3rd period - Off-side.
7:51 of 3rd period - Mike Richards wins face-off versus Tim Connolly in neutral zone.
7:56 of 3rd period - Shot by James Neal.
7:56 of 3rd period - Stopped by Tomas Vokoun with a rebound.
8:00 of 3rd period - Shot by James Neal.
8:00 of 3rd period - Shot Misses the Net.
8:04 of 3rd period - Shot by James Neal.
8:04 of 3rd period - Stopped by Tomas Vokoun without a rebound.
8:05 of 3rd period - Mike Richards wins face-off versus Alexandre Picard in Flyers zone.
8:07 of 3rd period - James Neal is hit by Ladislav Smid and loses puck.
8:14 of 3rd period - Tyler Myers is hit by Alexandre Picard and loses puck.
8:42 of 3rd period - Mike Richards is hit by Ladislav Smid and loses puck.
11:00 of 3rd period - Mike Richards is hit by Jochen Hecht and loses puck.
11:31 of 3rd period - Shot by James Neal.
11:31 of 3rd period - Stopped by Tomas Vokoun without a rebound.
11:32 of 3rd period - Devin Setoguchi wins face-off versus Lee Stempniak in Flyers zone.
12:00 of 3rd period - Off-side.
12:01 of 3rd period - Mike Richards wins face-off versus Tim Connolly in neutral zone.
12:03 of 3rd period - Brian Gionta is hit by Chris Pronger and loses puck.
12:16 of 3rd period - Shot by Mike Richards.
12:16 of 3rd period - Shot Misses the Net.
12:43 of 3rd period - Tim Connolly is hit by Luke Schenn and loses puck.
13:00 of 3rd period - Shot by Tuomo Ruutu.
13:00 of 3rd period - Shot Blocked by John Madden.
13:04 of 3rd period - Shot by David Legwand.
13:04 of 3rd period - Shot Misses the Net.
13:06 of 3rd period - Shot by Victor Hedman.
13:06 of 3rd period - Shot Misses the Net.
13:08 of 3rd period - Shot by Victor Hedman.
13:08 of 3rd period - Shot Misses the Net.
13:18 of 3rd period - Johan Franzen is hit by Radim Vrbata and loses puck.
13:46 of 3rd period - Ladislav Smid beats up Devin Setoguchi.
13:46 of 3rd period - Penalty to Devin Setoguchi for Fighting.
13:46 of 3rd period - Penalty to Ladislav Smid for Fighting.
13:47 of 3rd period - Tim Connolly wins face-off versus Mike Richards in neutral zone.
13:53 of 3rd period - Shot by Tim Connolly.
13:53 of 3rd period - Stopped by Marty Turco without a rebound.
13:54 of 3rd period - Mike Richards wins face-off versus Tim Connolly in Sabres zone.
14:00 of 3rd period - James Neal is hit by Chris Pronger.
14:10 of 3rd period - Shot by Brian Gionta.
14:10 of 3rd period - Stopped by Tomas Vokoun without a rebound.
14:11 of 3rd period - David Legwand wins face-off versus John Madden in Flyers zone.
14:20 of 3rd period - Shot by Tuomo Ruutu.
14:20 of 3rd period - Stopped by Tomas Vokoun without a rebound.
14:21 of 3rd period - Rickard Wallin wins face-off versus Lee Stempniak in Flyers zone.
14:24 of 3rd period - Shot by Mike Richards.
14:24 of 3rd period - Deflect By Johan Franzen.
14:24 of 3rd period - Stopped by Tomas Vokoun with a rebound.
14:40 of 3rd period - Kyle Brodziak is hit by Chris Phillips and loses puck.
14:50 of 3rd period - Minor Penalty to Rostislav Klesla for Hooking.
14:51 of 3rd period - John Madden wins face-off versus Mike Richards in Flyers zone.
15:13 of 3rd period - Shot by Kyle Quincey.
15:13 of 3rd period - Goal by Kyle Quincey - Flyers : 2 - Sabres : 4.
15:14 of 3rd period - John Madden wins face-off versus Ryan Kesler in neutral zone.
16:06 of 3rd period - Shot by Tuomo Ruutu.
16:06 of 3rd period - Stopped by Tomas Vokoun without a rebound.
16:07 of 3rd period - Tim Connolly wins face-off versus Mike Richards in Flyers zone.
16:25 of 3rd period - Shot by James Neal.
16:25 of 3rd period - Stopped by Tomas Vokoun without a rebound.
16:26 of 3rd period - John Madden wins face-off versus David Legwand in Flyers zone.
16:30 of 3rd period - Off-side.
16:31 of 3rd period - Kyle Brodziak wins face-off versus David Legwand in neutral zone.
16:33 of 3rd period - Chris Pronger is hit by Luke Schenn and loses puck.
17:01 of 3rd period - Minor Penalty to Luke Schenn for Hooking.
17:02 of 3rd period - Mike Richards wins face-off versus John Madden in Sabres zone.
17:07 of 3rd period - Shot by Brian Gionta.
17:07 of 3rd period - Shot Misses the Net.
18:23 of 3rd period - Shot by Justin Williams.
18:23 of 3rd period - Goal by Justin Williams - Flyers : 3 - Sabres : 4.
18:24 of 3rd period - Kyle Brodziak wins face-off versus David Legwand in neutral zone.
18:49 of 3rd period - Shot by Jochen Hecht.
18:49 of 3rd period - Stopped by Marty Turco without a rebound.
18:50 of 3rd period - Ryan Kesler wins face-off versus Justin Williams in Sabres zone.
18:50 of 3rd period - Ryan Kesler is hit by Jochen Hecht.
19:00 of 3rd period - Flyers, Tomas Vokoun is pulled from the net.
19:58 of 3rd period - Shot by Kevin Bieksa.
19:58 of 3rd period - Stopped by Marty Turco with a rebound.


Output by the SimonT Hockey Simulator (STHS) for Stephane Roy -- Original Page W3C XHTML 1.0 Valid